 Dungeon Crawl Stone Soup version 0.30-a0-913-g9934a0ce24 (webtiles) character file.

Game seed: 9412841854020007677

17 Sobieck the Sneak (level 2, 0/14 HPs)
             Began as a Spriggan Enchanter on Mar 19, 2023.
             Frozen to death by an endoplasm (5 damage)
             ... on level 2 of the Dungeon.
             The game lasted 00:03:13 (1075 turns).

Sobieck the Sneak (Spriggan Enchanter)              Turns: 1075, Time: 00:03:13

Health: 0/14       AC:  2    Str: 10    XL:     2   Next: 44%
Magic:  7/7        EV: 17    Int: 16    God:
Gold:   27         SH:  0    Dex: 15    Spells: 5/7 levels left

rFire   . . .      SeeInvis +    f - +1 dagger (pain) {short}
rCold   . . .      Faith    .    d - orb {*Rage}
rNeg    . . .      Spirit   .    b - +0 robe
rPois   .          Reflect  .    (helmet restricted)
rElec   .          Rampage  .    (no cloak)
rCorr   .          Rage     20%  (gloves unavailable)
Will    .....                    (boots unavailable)
Stlth   +++                      (no amulet)
HPRegen 0.22/turn                h - +6 ring of strength
MPRegen 0.10/turn                (no ring)

@: on berserk cooldown, slowed, quick
A: very small, no large weapons, unfitting armour, see invisible, speed 3
a: no special abilities


You were on level 2 of the Dungeon.
You visited 1 branch of the dungeon, and saw 2 of its levels.

You collected 27 gold pieces.


Innate Abilities, Weirdness & Mutations

You are very small and have problems with some larger weapons.
You are too small for most types of armour.
You have supernaturally acute eyesight. (SInv)
You cover ground extremely quickly. (Speed+++)


   Skills:
 + Level 0.5 Fighting
 - Level 1.1 Short Blades
 + Level 3.0 Dodging
 + Level 4.7 Stealth
 + Level 3.0 Spellcasting
 + Level 3.9 Hexes


You had 5 spell levels left.
You knew the following spells:

 Your Spells              Type           Power      Damage    Failure   Level
a - Ensorcelled Hibernat  Hex/Ice        16%        N/A       13%         2

Your spell library contained the following spells:

 Spells                   Type           Power      Damage    Failure   Level
 Confusing Touch          Hex            14%        N/A       12%         3
 Tukima's Dance           Hex            14%        N/A       12%         3
 Dazzling Flash           Conj/Hex       16%        N/A       26%         3
 Portal Projectile        Hex/Tloc       16%        N/A       26%         3
 Call Canine Familiar     Summ           2%         N/A       50%         3
 Leda's Liquefaction      Hex/Erth       4%         N/A       63%         4

Inventory:

Hand Weapons
 a - a +1 dagger {short}
 f - a +1 dagger of pain (weapon) {short}
   (You took it off a kobold on level 1 of the Dungeon)
Missiles
 e - 12 stones (quivered) {throwing}
 l - 4 boomerangs {throwing}
Armour
 b - a +0 robe (worn)
 d - an orb of wrath (worn)
   (You found it on level 1 of the Dungeon)
 o - a +0 robe
   (You found it on level 1 of the Dungeon)
Jewellery
 h - a +6 ring of strength (left hand)
   (You found it on level 1 of the Dungeon)
Scrolls
 g - 2 scrolls of identify {unknown}
Potions
 c - 2 potions of invisibility
 i - a potion of mutation {unknown}
 j - a potion of haste {unknown}
 k - 2 potions of heal wounds {unknown}
 m - a potion of degeneration {unknown}
 n - a potion of curing {unknown}

Dungeon Overview and Level Annotations

Branches:
Dungeon (2/15) Zot: 11203

Altars:

....#.............#
#.................
###..........####
#..........#
##........##
##........#
#..........#
#.J........#
#.@........#
#..........#
#..........#
##........##
##......## ########


You could see an endoplasm.


Message History

You kill the goblin!
Your Spellcasting skill increases to level 3!
No target in view!
No target in view!
l - 4 boomerangs {throwing}
m - a sapphire potion As you open the door, it creaks loudly!
There is an open door here.
There is an open door here.
You open the door.
There is an open door here.
You open the door.
A hobgoblin comes into view.
Danger!
The hobgoblin shouts!
You completely miss the hobgoblin. The hobgoblin closely misses you.
You hit the hobgoblin. The hobgoblin closely misses you.
A red film seems to cover your vision as you go berserk!
You feel yourself moving faster!
You feel mighty!
You hit the hobgoblin.
You kill the hobgoblin!
No target in view!
Calm down first, please.
Unknown command.
You start waiting.
You feel a strong urge to attack something.
Unknown command.
You start waiting.
You feel your anger nearly subside.
Unknown command.
You start waiting.
You are no longer berserk.
You are exhausted.
You feel yourself slow down.
You start waiting.
You feel yourself speed up.
Unknown command.
No target in view!
You see here a hobgoblin corpse.
n - a fuming clear potion Unknown command.
You recover from your berserk rage.
You now have 27 gold pieces (gained 4).
o - a +0 robe
There is an open door here.
You open the door.
There is an open door here.
You open the door.
There is an open door here.
Done exploring.
Done exploring.
(D) Dungeon
Where to? (? - help)
You open the door.
There is an open door here.
There is a stone staircase leading down here.
You climb downwards.
There is a stone staircase leading up here.
g - 2 scrolls labelled LILICIXOVO (gained 1)
There is a stone staircase leading up here.
A bat comes into view.
Danger!
The bat misses you.
A red film seems to cover your vision as you go berserk!
You feel yourself moving faster!
You feel mighty!
You closely miss the bat. The bat misses you.
You hit the bat.
You kill the bat!
No target in view!
Unknown command.
You start waiting.
You feel a strong urge to attack something.
Unknown command.
You start waiting.
You feel your anger nearly subside.
You are no longer berserk.
You are exhausted.
You feel yourself slow down.
You start waiting.
An endoplasm comes into view.
Danger!
Unknown command.
An adder comes into view.
The endoplasm quivers.
The endoplasm closely misses you.
You hit the endoplasm but do no damage. The endoplasm closely misses you.
You barely miss the endoplasm. The endoplasm misses you.
The endoplasm freezes you.
You are frozen.
You hit the endoplasm. The endoplasm freezes you.
You are frozen.
Unknown command.
The endoplasm freezes you.
You are frozen.
* * * LOW HITPOINT WARNING * * *
There is a stone staircase leading up here.
Unknown command.
The endoplasm completely misses you. The endoplasm freezes you.
You are frozen.
You die...

Skill      XL: |  1  2 |
---------------+-------+-----
Dodging        | 3 |  3.0
Spellcasting   | 3 |  3.0
Fighting       | |  0.5
Short Blades   | |  1.1
Stealth        | |  4.7
Hexes          | |  3.9

Action                     || total
---------------------------++-------
  Melee: Dagger            ||    41
  Throw: Stone             ||     5
   Stab: Sleeping          ||     2
 Armour: Robe              ||     2
  Dodge: Dodged            ||    33

Levels and vault maps discovered:
D:1:      dpeg_arrival_arbitrary_c, layout_basic
D:2:      layout_rooms, minmay_ruptured, uniq_jessica

Notes
Turn   | Place    | Note
-------+----------+-------------------------------------------
     0 | D:1      | Sobieck the Spriggan Enchanter began the quest for the Orb.
     0 | D:1      | Reached XP level 1. HP: 9/9 MP: 5/5
   468 | D:1      | Reached XP level 2. HP: 13/13 MP: 6/6
   552 | D:1      | Reached skill level 3 in Dodging
   635 | D:1      | You pick up a book of the Hunter and begin reading...
   635 | D:1      | You add the spells Call Canine Familiar, Portal Projectile
                  | and Leda's Liquefaction to your library.
   639 | D:1      | Learned a level 2 spell: Ensorcelled Hibernation
   704 | D:1      | Reached skill level 3 in Spellcasting
  1075 | D:2      | Frozen to death by an endoplasm

Vanquished Creatures
  3 bats
  A giant cockroach (D:1)
  2 goblins (D:1)
  2 hobgoblins (D:1)
  A quokka (D:1)
  A ball python (D:1)
  A frilled lizard (D:1)
  3 kobolds (D:1)
  3 rats (D:1)
17 creatures vanquished.

Table legend:
 A = Non-vault XP
 B = Vault XP
 C = Vault XP percentage of total XP
 D = Non-vault monster count
 E = Vault monster count
 F = Vault count percentage of total count
                 A         B        C        D         E       F
            +---------+---------+-------+---------+---------+-------
      Total |      25 |       0 |   0.0 |      17 |       0 |   0.0
            +---------+---------+-------+---------+---------+-------
        D:1 |      24 |       0 |   0.0 |      16 |       0 |   0.0
        D:2 |       1 |       0 |   0.0 |       1 |       0 |   0.0
            +---------+---------+-------+---------+---------+-------

Illustrated notes

Table legend:
 A = Kills in this place as a percentage of kills in the entire game.
 B = Kills by you in this place as a percentage of kills by you in the entire game.
 C = Kills by friends in this place as a percentage of kills by friends in the entire game.
 D = Other kills in this place as a percentage of other kills in the entire game.
 E = Experience gained in this place as a percentage of experience gained in the entire game.
 F = Experience gained in this place divided by the number of levels of this place that you have seen.
                   A       B       C       D       E      F
               +-------+-------+-------+-------+-------+----------------------
         Total | 100.0 | 100.0 |   N/A |   N/A | 100.0 |  12.5
       Dungeon | 100.0 | 100.0 |   N/A |   N/A | 100.0 |  12.5
               +-------+-------+-------+-------+-------+----------------------

Table legend: (Time is in decaauts)
 A = Elapsed time spent in this place.
 B = Non-inter-level travel time spent in this place.
 C = Inter-level travel time spent in this place.
 D = Time resting spent in this place.
 E = Time spent auto-exploring this place.
 F = Levels seen in this place.
 G = Mean time per level.
                   A        B        C        D        E       F      G
               +--------+--------+--------+--------+--------+-----+--------+
         Total |    795 |    782 |     13 |    177 |    475 |   2 |  397.5 |
       Dungeon |    795 |    782 |     13 |    177 |    475 |   2 |  397.5 |
               +--------+--------+--------+--------+--------+-----+--------+

Top non-repeatable levels by time:
     D:1: 756 daAuts
     D:2: 39 daAuts
